 Dungeon Crawl Stone Soup version 0.28-a0-537-g3bccd9ccbf (webtiles) character file.

Game seed: 8280243430052799140

518 ragingrage the Poker (level 7, 0/46 HPs)
             Began as a Demonspawn Chaos Knight on Sept 27, 2021.
             Was a Plaything of Xom.
             Slain by an orc (4 damage)
             ... on level 4 of the Dungeon.
             The game lasted 00:04:31 (5553 turns).

ragingrage the Poker (Demonspawn Chaos Knight)      Turns: 5553, Time: 00:04:32

Health: 0/46       AC:  7    Str: 15    XL:     7   Next: 1%
Magic:  7/7        EV: 11    Int: 13    God:    Xom [......]
Gold:   129        SH:  0    Dex: 12    Spells: 6/6 levels left

rFire   + + .      SeeInvis .   a - +0 spear (chaos)
rCold   . . .      Faith    .   (no shield)
rNeg    . . .      Spirit   .   k - +1 leather armour {rF+}
rPois   .          Reflect  .   (no helmet)
rElec   .          Harm     .   m - +0 cloak
rCorr   .          Rampage  .   (no gloves)
Will    .....                   b - +0 pair of boots
Stlth   ++++......              (no amulet)
HPRegen 0.15/turn               g - ring of protection from fire
MPRegen 0.10/turn               (no ring)

@: especially stealthy
A: claws 1, sharp scales 1, camouflage 1, frail 1, mutation resistance 1
a: Renounce Religion


You were on level 4 of the Dungeon.
You worshipped Xom.
You were a very special plaything of Xom.
You visited 1 branch of the dungeon, and saw 5 of its levels.

You collected 129 gold pieces.

Inventory:

Hand Weapons
 a - a +0 spear of chaos (weapon)
Missiles
 j - a silver javelin
 l - 10 poisoned darts (quivered)
Armour
 b - a +0 pair of boots (worn)
 k - a +1 leather armour of fire resistance (worn)
 m - a +0 cloak (worn)
Jewellery
 g - a ring of protection from fire (left claw)
 h - a ring of wizardry
Scrolls
 c - a scroll of identify {unknown}
 f - 4 scrolls of teleportation
Potions
 d - a potion of berserk rage {unknown}
 e - 2 potions of flight {unknown}
 i - 3 potions of curing {unknown}


   Skills:
 - Level 3.0 Fighting
 * Level 7.3 Polearms
 - Level 1.7 Armour
 - Level 0.8 Dodging


You had 6 spell levels left.
You didn't know any spells.
Your spell library was empty.

Dungeon Overview and Level Annotations

Branches:
Dungeon (5/15)             Temple (0/1) D:4

Altars:
Xom

Shops:
D:4 (

Annotations:
D:5 Prince Ribbit


Innate Abilities, Weirdness & Mutations

You have sharp fingernails.
You are partially covered in razor-sharp scales. (AC +1, Slay +1)
Your skin changes colour to match your surroundings (Stealth+).
You are frail. (-10% HP)
You are somewhat resistant to further mutation.


Message History

Press: ? - help, Q - select action, (/) - cycle Shift-Dir - straight line, f/p - Prince Ribbit
Aim: Prince Ribbit (moderately wounded, 36% to hit)
You throw a poisoned dart.
The poisoned dart closely misses Prince Ribbit.
Prince Ribbit hits you!
You barely miss Prince Ribbit.
Prince Ribbit is moderately wounded.
Prince Ribbit barely misses you.
You hit Prince Ribbit.
Prince Ribbit is heavily wounded.
Prince Ribbit hits you!
You miss Prince Ribbit.
Prince Ribbit is heavily wounded.
Prince Ribbit hits you.
You closely miss Prince Ribbit.
Prince Ribbit is heavily wounded.
Prince Ribbit hits you but does no damage.
You miss Prince Ribbit.
Prince Ribbit is heavily wounded.
Prince Ribbit hits you!
* * * LOW HITPOINT WARNING * * *
You barely miss Prince Ribbit.
Prince Ribbit is heavily wounded.
Prince Ribbit hits you but does no damage.
An adder comes into view.
Prince Ribbit blinks!
Prince Ribbit blinks!
The orc barely misses you.
There is a stone staircase leading up here.
The orc hits you but does no damage.
You climb upwards.
There is a stone staircase leading down here.
Unknown command.
You barely miss the orc. The orc barely misses you.
You hit the orc but do no damage. The orc closely misses you.
You barely miss the orc. You hit the orc but do no damage.
The orc hits you with a +0 dagger of electrocution.
You die... "It was about time."

.####................####.##
## ##................##..#
##...............)..##
#...................#
##...#######...[.##.## #...#
##(...#####.##
##..#####....## #..##
#...##....### ##..#
#...#..o@## ##.## ##....>###
##.## #)...## #..# #..###
##.## #..# ##.# ##.## #...
#..# ##... #.## ##...# ##.#
##...##


You could see an orc.

Vanquished Creatures
  A phantom (D:4)
  3 scorpions (D:4)
  A hound (D:4)
  A jelly (D:3)
  An orc priest (D:4)
  An iguana (D:4)
  4 adders
  An ufetubus (D:4)
  A worm (D:3)
  4 dart slugs
  4 orcs
  12 endoplasms
  3 giant cockroaches
  5 goblins
  7 hobgoblins
  8 jackals
  9 kobolds
  3 quokkas
  10 ball pythons
  11 bats
  7 frilled lizards
  7 rats
104 creatures vanquished.

Vanquished Creatures (others)
  An endoplasm (D:1)
1 creature vanquished.

Grand Total: 105 creatures vanquished

Notes
Turn   | Place    | Note
-------+----------+-------------------------------------------
     0 | D:1      | ragingrage the Demonspawn Chaos Knight began the quest for
                  | the Orb.
     0 | D:1      | Reached XP level 1. HP: 18/18 MP: 1/1
   211 | D:1      | Reached skill level 3 in Polearms
   344 | D:1      | Found a faded altar of an unknown god.
   355 | D:1      | XOM: silly message
   366 | D:1      | Gained mutation: You have sharp fingernails. [demonic
                  | ancestry]
   366 | D:1      | Reached XP level 2. HP: 24/24 MP: 2/2
   417 | D:1      | XOM: swap monsters
   665 | D:1      | XOM: god gift: leather armour {god gift}
   718 | D:1      | XOM: cast spell 'Summon Small Mammal'
   760 | D:1      | XOM: noise
   844 | D:1      | XOM: 5-stop teleportation journey
  1029 | D:1      | Reached XP level 3. HP: 27/29 MP: 3/3
  1198 | D:1      | Reached skill level 4 in Polearms
  1320 | D:1      | XOM: scenery: create altars
  1468 | D:1      | XOM: silly message
  1726 | D:2      | XOM: 6-stop teleportation journey
  1923 | D:2      | Reached XP level 4. HP: 22/35 MP: 4/4
  2053 | D:2      | XOM: summons 1 hostile demon
  3442 | D:3      | Reached skill level 5 in Polearms
  3764 | D:3      | XOM: swap monsters
  3769 | D:3      | Reached XP level 5. HP: 35/41 MP: 5/5
  4149 | D:4      | XOM: cleaving
  4162 | D:4      | Reached skill level 6 in Polearms
  4162 | D:4      | Gained mutation: You are partially covered in razor-sharp
                  | scales. (AC +1, Slay +1) [demonic ancestry]
  4162 | D:4      | Reached XP level 6. HP: 12/47 MP: 6/6
  4292 | D:4      | XOM: noise
  4454 | D:4      | XOM: confuse monster(s)
  4494 | D:4      | XOM: god gift: 2 silver javelins
  4538 | D:4      | Found a staircase to the Ecumenical Temple.
  4589 | D:4      | XOM: give mutations
  4589 | D:4      | Gained mutation: Your skin changes colour to match your
                  | surroundings (Stealth+). [Xom's grace]
  4589 | D:4      | Gained mutation: You are somewhat resistant to further
                  | mutation. [Xom's grace]
  4905 | D:4      | XOM: chaos cloud
  4926 | D:4      | Reached skill level 7 in Polearms
  5157 | D:4      | Reached XP level 7. HP: 52/52 MP: 7/7
  5291 | D:4      | XOM: summons 3 hostile demons
  5292 | D:4      | Noticed a soul eater
  5292 | D:4      | Noticed an ice devil
  5420 | D:4      | XOM: give mutation
  5420 | D:4      | Gained mutation: You are frail. (-10% HP) [Xom's mischief]
  5458 | D:4      | XOM: silly message
  5469 | D:4      | Found Feugh's Antique Weapon Shop.
  5525 | D:5      | XOM: stealth player
  5525 | D:5      | Entered Level 5 of the Dungeon
  5528 | D:5      | Noticed Prince Ribbit
  5553 | D:4      | Slain by an orc

Illustrated notes

Levels and vault maps discovered:
D:1:      dpeg_cavernosity, layout_basic, ebering_ecumenical_altar_box,
          minmay_misc_feat_rugged, chequers_jeans, minmay_heptomino_h4
D:2:      layout_loops_corners
D:3:      layout_loops_ring
D:4:      layout_cave_pods, minmay_temple_entry_proselytizer, serial_shops,
          kennysheep_mini_moat
D:5:      minmay_diamond_boxcup, layout_cave_pools, ebering_ghost_disaster_area,
          serial_shops, nicolae_diamond_shop, shop, shop, serial_park_tiny_2,
          uniq_eustachio, uniq_grinder, uniq_sigmund, uniq_prince_ribbit1

Skill      XL: |  1  2  3  4  5  6 |
---------------+-------------------+-----
Polearms       | 3 4 5 6 7 |  7.3
Fighting       | |  3.0
Armour         | |  1.7
Dodging        | |  0.8

Action                   |  1- 3 |  4- 6 |  7- 9 || total
-------------------------+-------+-------+-------++-------
Melee: Spear             |   163 |   270 |    10 ||   443
Throw: Dart              |       |       |     1 ||     1
       Javelin           |       |       |     1 ||     1
  Use: Scroll            |       |     1 |       ||     1
 Stab: Sleeping          |     1 |     3 |       ||     4
       Petrifying        |       |     1 |       ||     1
       Petrified         |       |     1 |       ||     1
       Confused          |       |     2 |       ||     2
Armor: Leather armour    |    67 |    67 |     3 ||   137
Dodge: Dodged            |    68 |   107 |     7 ||   182

Table legend: (Time is in decaauts)
 A = Elapsed time spent in this place.
 B = Non-inter-level travel time spent in this place.
 C = Inter-level travel time spent in this place.
 D = Time resting spent in this place.
 E = Time spent auto-exploring this place.
 F = Levels seen in this place.
 G = Mean time per level.
                   A        B        C        D        E       F      G
               +--------+--------+--------+--------+--------+-----+--------+
         Total |   5491 |   5349 |    142 |    589 |   3922 |   5 | 1098.2 |
       Dungeon |   5491 |   5349 |    142 |    589 |   3922 |   5 | 1098.2 |
               +--------+--------+--------+--------+--------+-----+--------+

Top non-repeatable levels by time:
     D:2: 1621 daAuts
     D:1: 1549 daAuts
     D:4: 1303 daAuts
     D:3: 995 daAuts
     D:5: 22 daAuts
